 Dungeon Crawl Stone Soup version 0.31-a0-1074-g0b22e4e0f1 (webtiles) character file.

Game seed: 7511989508960878155

21434 tbh1313 the Bludgeoner (level 12, -4/132 HPs)
             Began as an Ogre Berserker on Nov 28, 2023.
             Was a High Priest of Trog.
             Slain by an orc knight
             ... wielding a +0 great sword
              (11 damage)
             ... on level 1 of the Orcish Mines.
             The game lasted 00:38:52 (14217 turns).

tbh1313 the Bludgeoner (Ogre Berserker)            Turns: 14217, Time: 00:38:53

Health: -4/132     AC: 10    Str: 28    XL:     12   Next: 90%
Magic:  12/12      EV: 16    Int:  8    God:    Trog [*****.]
Gold:   1068       SH:  0    Dex:  8    Spells: 11/11 levels left

rFire   . . .        C - +1 whip (elec)
rCold   . . .        (no shield)
rNeg    . . .        d - +2 acid dragon scales
rPois   .            (helmet restricted)
rElec   .            (no cloak)
rCorr   +            (gloves unavailable)
SInv    .            (boots unavailable)
Will    +....        (no amulet)
Stlth   +            N - +4 ring of slaying
HPRegen 0.42/turn    n - +5 ring of evasion
MPRegen 0.13/turn

%: no passive effects
@: on berserk cooldown, hasted and slowed
A: large, unfitting armour, tough skin 1
a: Renounce Religion, Berserk, Trog's Hand, Brothers in Arms


You were on level 1 of the Orcish Mines.
You worshipped Trog.
Trog was extremely pleased with you.
You visited 2 branches of the dungeon, and saw 13 of its levels.

You collected 1068 gold pieces.

Inventory:

Hand Weapons
 a - a +0 giant spiked club
 b - a +5 flail of freezing
 c - a +0 arbalest
 q - a +0 giant club
 C - a +1 whip of electrocution (weapon)
Missiles
 l - 15 poisoned darts
 R - 2 curare-tipped darts
Armour
 d - +2 acid dragon scales (worn)
 F - a +2 kite shield
 M - a +1 robe of cold resistance
Jewellery
 e - a ring of protection from fire
 i - a ring of positive energy
 n - a +5 ring of evasion (right hand)
 o - a ring of ice
 p - a ring of poison resistance
 w - a ring of fire
 z - a ring of protection from fire
 A - a +6 ring of dexterity
 D - an amulet of guardian spirit
 H - an amulet of faith
 N - a +4 ring of slaying (left hand)
Wands
 y - a wand of acid (11)
 E - a wand of flame (11)
 I - a wand of roots (2)
Scrolls
 t - a scroll of teleportation {unknown}
 u - a scroll of torment {unknown}
 G - 2 scrolls of vulnerability
 Q - a scroll of identify
Potions
 f - a potion of invisibility
 g - 6 potions of degeneration
 h - 3 potions of attraction
 j - 4 potions of might
 m - 2 potions of berserk rage
 r - 4 potions of cancellation
 s - 2 potions of magic {unknown}
 v - a potion of mutation {unknown}
 x - a potion of curing {unknown}
 B - a potion of brilliance {unknown}
 J - a potion of heal wounds {unknown}
 K - a potion of ambrosia {unknown}
 P - 2 potions of lignification {unknown}
Miscellaneous
 O - a lightning rod (4/4)


   Skills:
 - Level 12.0 Fighting
 + Level 15.2 Maces & Flails
 - Level 5.0 Armour
 - Level 8.0 Dodging


You had 11 spell levels left.
You didn't know any spells.
Your spell library was empty.

Dungeon Overview and Level Annotations

Branches:
Dungeon (12/15)            Temple (0/1) D:5            Lair (0/5) D:8
    Orc (1/2) D:9

Altars:
Elyvilon
Kikubaaqudgha
Makhleb
Vehumet
Yredelemnul
The Shining One

Shops:
D:9 (

Annotations:
D:3 3 runed translucent doors, sigtrap's ghost, amateur GnBr
D:4 exclusion: statue
D:12 Maurice
Orc:1 3 runed translucent doors, Nudhul's ghost, journeyman MiBe


Innate Abilities, Weirdness & Mutations

You are too large for most types of armour.
You have tough skin. (AC +1)


Message History

You closely miss the orc knight.
The orc knight is severely wounded.
You hit the orc knight.
The orc knight is severely wounded.
The orc knight hits you with a +0 great sword!!
You hit the orc knight but do no damage.
The orc knight is severely wounded.
The orc knight hits you with a +0 great sword!
You barely miss the orc knight.
The orc knight is severely wounded.
The orc knight closely misses you.
You hit the orc knight but do no damage.
The orc knight is severely wounded.
You hit the orc knight but do no damage.
The orc knight is severely wounded.
The orc knight closely misses you.
You hit the orc knight but do no damage.
The orc knight is severely wounded.
The orc knight closely misses you.
You closely miss the orc knight.
The orc knight is severely wounded.
You hit the orc knight but do no damage.
The orc knight is severely wounded.
The orc knight hits you with a +0 great sword.
Aiming: Fastroot
Press: ? - help, Shift-Dir - straight line The roots erupt in riotous growth!
Roots grab the orc knight.
The grasping roots constrict the orc knight.
The roots release their grip on the orc knight.
The orc knight barely misses you.
The orc knight hits you with a +0 great sword!!
* * * LOW HITPOINT WARNING * * *
You see here a warg corpse.
You feel yourself speed up. The orc knight closely misses you.
The orc knight hits you with a +0 great sword!
* * * LOW HITPOINT WARNING * * *
The orc knight attacks as it pursues you!
The orc knight hits you with a +0 great sword!
You die...

.....>.$.#o###o... ## ##..##
..>......#oooh#####....#.....
.^.#.....#Wooooo.......#.....
......)†)######+++######.#.#.
.......).8.............8#....
.......).†...................
........##....#...######.....
##.#.######o......#.####.....
#. ## #.@........##...... .
##.........###.....
##..........#.....
##.#.............
###.#.......#.##..
#.........#######.
#......#..## ## ##.........#
#. ##.........# #.


You could see 4 orc knights, an orc high priest, a warg, 3 orc warriors,
Nudhul's ghost and an orc.

Levels and vault maps discovered:
D:1:      minmay_arrival_four_circles, layout_loops_ring
D:2:      minmay_angry_zag, layout_basic, shapermc_ecumenical_altar_ellora
D:3:      layout_loops_ring, gammafunk_ghost_split,
          corexii_item_surrounded_by_moat
D:4:      layout_basic, grunt_temple_overflow_open, vehumet_statue,
          corexii_checkpoint, uniq_duvessa
D:5:      layout_loops_ring, minmay_temple_entry_mini_moons, nrook_loot_triangle
D:6:      layout_rooms, uniq_menkaure
D:7:      layout_basic
D:8:      layout_loops_ring, david_lair_shrubbed, uniq_pikel
D:9:      layout_long_grid, david_orc_4, serial_rivers,
          chequers_serial_rivers_micro_b, chequers_serial_rivers_micro_c,
          chequers_serial_rivers_micro_e, chequers_serial_rivers_small_3,
          serial_shops, nicolae_shop_hallway_stairs,
          minmay_misc_feat_more_columns, kennysheep_doodads, uniq_psyche
D:10:     layout_loops_ring, hangedman_decor_lopped, minmay_orc_keep
D:11:     hellmonk_crumbling_castle, layout_loops_ring, uniq_josephine,
          uniq_fannar
D:12:     layout_gridville, uniq_maurice, uniq_sonja
Orc:1:    layout_caves, biasface_ghost_orc_armoury

Notes
Turn   | Place    | Note
-------+----------+-------------------------------------------
     0 | D:1      | tbh1313 the Ogre Berserker began the quest for the Orb.
     0 | D:1      | Reached XP level 1. HP: 24/24 MP: 1/1
    65 | D:1      | Reached skill level 3 in Maces & Flails
    74 | D:1      | Reached XP level 2. HP: 28/32 MP: 2/2
   303 | D:1      | Reached ** piety under Trog
   362 | D:1      | Reached XP level 3. HP: 39/39 MP: 3/3
   840 | D:2      | Reached skill level 4 in Maces & Flails
  1186 | D:2      | Reached XP level 4. HP: 48/48 MP: 4/4
  1189 | D:2      | Found a faded altar of an unknown god.
  1773 | D:3      | Noticed sigtrap's ghost (amateur GnBr)
  1780 | D:3      | Found a runed translucent gate.
  1780 | D:3      | Found a runed translucent gate.
  1780 | D:3      | Found a runed translucent gate.
  1806 | D:3      | Reached skill level 5 in Maces & Flails
  1806 | D:3      | Reached XP level 5. HP: 54/54 MP: 5/5
  1807 | D:3      | Reached *** piety under Trog
  2655 | D:4      | Found an ancient bone altar of Kikubaaqudgha.
  2656 | D:4      | Found a basalt altar of Yredelemnul.
  2657 | D:4      | Found a glowing golden altar of the Shining One.
  2659 | D:4      | Found a white marble altar of Elyvilon.
  2661 | D:4      | Found a burning altar of Makhleb.
  2705 | D:4      | Noticed Duvessa
  2706 | D:4      | Reached XP level 6. HP: 62/62 MP: 6/6
  2707 | D:4      | Noticed Dowan
  2714 | D:4      | Killed Duvessa
  2715 | D:4      | Reached skill level 6 in Maces & Flails
  2716 | D:4      | Killed Dowan
  2847 | D:4      | Found a radiant altar of Vehumet.
  3448 | D:4      | Reached skill level 7 in Maces & Flails
  3448 | D:4      | Reached XP level 7. HP: 39/70 MP: 7/7
  3820 | D:5      | Entered Level 5 of the Dungeon
  3834 | D:5      | Reached **** piety under Trog
  4141 | D:5      | Found a staircase to the Ecumenical Temple.
  4663 | D:5      | Reached XP level 8. HP: 78/78 MP: 8/8
  5054 | D:6      | Reached skill level 8 in Maces & Flails
  5182 | D:6      | Reached skill level 5 in Dodging
  5278 | D:6      | Noticed Menkaure
  5288 | D:6      | Killed Menkaure
  5581 | D:6      | Reached skill level 9 in Maces & Flails
  5885 | D:7      | Reached XP level 9. HP: 53/84 MP: 9/9
  5902 | D:7      | Reached skill level 10 in Maces & Flails
  6284 | D:7      | Noticed a hornet
  6287 | D:7      | Paralysed by a hornet for 2 turns
  6292 | D:7      | Paralysed by a hornet for 1 turns
  6297 | D:7      | Killed a hornet
  6624 | D:7      | Reached skill level 11 in Maces & Flails
  7167 | D:8      | Noticed Pikel
  7178 | D:8      | Killed Pikel
  7179 | D:8      | Reached skill level 5 in Fighting
  7179 | D:8      | Reached XP level 10. HP: 88/97 MP: 10/10
  7552 | D:8      | Found a staircase to the Lair.
  8044 | D:8      | Reached skill level 12 in Maces & Flails
  9120 | D:9      | Reached XP level 11. HP: 69/115 MP: 11/11
  9300 | D:9      | Reached skill level 10 in Fighting
  9577 | D:9      | Found Qodghiczy's Weapon Emporium.
  9593 | D:9      | Noticed Psyche
  9603 | D:9      | Killed Psyche
  9911 | D:9      | Found a staircase to the Orcish Mines.
 10043 | D:10     | Entered Level 10 of the Dungeon
 10577 | D:10     | Noticed a skeletal warrior
 10578 | D:10     | Noticed a skeletal warrior
 10591 | D:10     | Killed a skeletal warrior
 10600 | D:10     | Noticed a skeletal warrior
 10607 | D:10     | Killed a skeletal warrior
 10930 | D:10     | Killed a skeletal warrior
 11527 | D:11     | Reached skill level 13 in Maces & Flails
 11527 | D:11     | Reached skill level 1 in Armour
 11658 | D:11     | Reached ***** piety under Trog
 11811 | D:11     | Noticed Josephine
 11825 | D:11     | Killed Josephine
 12018 | D:11     | Reached XP level 12. HP: 115/132 MP: 12/12
 12148 | D:11     | Noticed Fannar
 12177 | D:11     | Killed Fannar
 13281 | D:12     | Reached skill level 14 in Maces & Flails
 13281 | D:12     | Reached skill level 5 in Armour
 13315 | D:12     | Noticed a two-headed ogre
 13325 | D:12     | Killed a two-headed ogre
 13387 | D:12     | Noticed Sonja
 13397 | D:12     | Killed Sonja
 13501 | D:12     | Noticed a centaur warrior
 13501 | D:12     | Noticed a two-headed ogre
 13513 | D:12     | Killed a centaur warrior
 13518 | D:12     | Killed a two-headed ogre
 13535 | D:12     | Noticed Maurice
 13544 | D:12     | HP: 8/132 [skeletal warrior/sling bullet (9)]
 13549 | D:12     | HP: 7/132 [skeletal warrior/sling bullet (3)]
 13911 | Orc:1    | Entered Level 1 of the Orcish Mines
 13969 | Orc:1    | Reached skill level 15 in Maces & Flails
 14156 | Orc:1    | Found a runed translucent gate.
 14156 | Orc:1    | Found a runed translucent gate.
 14156 | Orc:1    | Found a runed translucent gate.
 14157 | Orc:1    | Noticed Nudhul's ghost (journeyman MiBe)
 14158 | Orc:1    | Identified the +2 plate armour of the Beginning {Harm rPois
                  | Will+ Str-2}
 14167 | Orc:1    | Noticed an orc high priest
 14179 | Orc:1    | Identified the +2 robe "Xupheet" {*Corrode rN+ Regen+
                  | Str+4}
 14214 | Orc:1    | HP: 6/132 [orc knight/+0 great sword (14)]
 14217 | Orc:1    | Slain by an orc knight

Table legend: (Time is in decaauts)
 A = Elapsed time spent in this place.
 B = Non-inter-level travel time spent in this place.
 C = Inter-level travel time spent in this place.
 D = Time resting spent in this place.
 E = Time spent auto-exploring this place.
 F = Levels seen in this place.
 G = Mean time per level.
                   A        B        C        D        E       F      G
               +--------+--------+--------+--------+--------+-----+--------+
         Total |  13943 |  13516 |    427 |   4248 |   7043 |  13 | 1072.5 |
       Dungeon |  13670 |  13244 |    426 |   4153 |   6945 |  12 | 1139.2 |
  Orcish Mines |    272 |    272 |      0 |     95 |     98 |   1 |  272.0 |
               +--------+--------+--------+--------+--------+-----+--------+

Top non-repeatable levels by time:
    D:11: 2116 daAuts
     D:9: 1690 daAuts
     D:8: 1461 daAuts
     D:4: 1229 daAuts
     D:7: 1132 daAuts
     D:6: 1096 daAuts
    D:10: 1082 daAuts
     D:5: 968 daAuts
     D:2: 962 daAuts
     D:3: 906 daAuts
     D:1: 796 daAuts
   Orc:1: 272 daAuts
    D:12: 225 daAuts

Table legend:
 A = Kills in this place as a percentage of kills in the entire game.
 B = Kills by you in this place as a percentage of kills by you in the entire game.
 C = Kills by friends in this place as a percentage of kills by friends in the entire game.
 D = Other kills in this place as a percentage of other kills in the entire game.
 E = Experience gained in this place as a percentage of experience gained in the entire game.
 F = Experience gained in this place divided by the number of levels of this place that you have seen.
                   A       B       C       D       E      F
               +-------+-------+-------+-------+-------+----------------------
         Total | 100.0 | 100.0 |   N/A |   N/A | 100.0 | 2355.5
       Dungeon |  94.7 |  94.7 |   N/A |   N/A |  94.0 | 2399.2
  Orcish Mines |   5.3 |   5.3 |   N/A |   N/A |   6.0 | 1831.0
               +-------+-------+-------+-------+-------+----------------------

Action                     |  1- 3 |  4- 6 |  7- 9 | 10-12 || total
---------------------------+-------+-------+-------+-------++-------
  Melee: Mace              |   120 |   192 |   251 |       ||   563
         Punch             |       |     1 |     2 |    16 ||    19
         Flail             |       |       |    52 |       ||    52
         Whip              |       |       |       |  1021 ||  1021
 Invoke: Berserk           |       |     3 |     8 |    14 ||    25
         Trog's Hand       |       |     1 |     2 |     6 ||     9
  Evoke: Wand              |       |       |       |     4 ||     4
    Use: Scroll            |       |     8 |     1 |     8 ||    17
         Potion            |       |       |       |     3 ||     3
   Stab: Distracted        |     1 |       |       |       ||     1
 Armour: Animal skin       |    56 |       |       |       ||    56
         Acid dragon scale |    33 |   136 |   183 |   389 ||   741
  Dodge: Dodged            |    66 |    97 |   208 |   497 ||   868

Vanquished Creatures
  Fannar (D:11)
  Josephine (D:11)
  A centaur warrior (D:12)
  2 two-headed ogres (D:12)
  Sonja (D:12)
  4 skeletal warriors
  Pikel (D:8)
  An ugly thing (D:12)
  4 slime creatures
  An unseen horror (D:12)
  Psyche (D:9)
  A komodo dragon (D:8)
  5 trolls
  A hornet (D:7)
  A shadow (D:10)
  2 wyverns
  26 yaks
  3 wraiths (D:11)
  4 vampire mosquitoes (D:11)
  Menkaure (D:6)
  4 wargs (Orc:1)
  A water moccasin (D:6)
  Duvessa (D:4)
  16 orc warriors
  An ice beast (D:6)
  4 ogres
  11 centaurs
  A lemure (D:8)
  4 bullfrogs
  A kobold brigand (D:9)
  A scorpion (D:5)
  10 wights
  Dowan (D:4)
  30 killer bees
  A howler monkey (D:9)
  5 jellies
  11 orc priests
  2 hounds
  3 sleepcaps
  5 iguanas
  10 orc wizards
  7 gnolls (D:3)
  12 adders
  2 white imps (D:6)
  A worm (D:4)
  A dart slug (D:3)
  64 orcs
  4 ball pythons
  8 bats
  13 endoplasms
  2 giant cockroaches
  13 goblins
  11 hobgoblins
  7 jackals
  4 quokkas
  5 frilled lizards
  9 kobolds
  10 rats
358 creatures vanquished.
